 Dungeon Crawl Stone Soup version 0.29.1-12-g30fa7ad0bf (webtiles) character file.

Game seed: 7319005403075340829

190378 Radix the Warrior (level 17, -3/171 HPs)
             Began as a Minotaur Berserker on Jan 12, 2023.
             Was a High Priest of Trog.
             Hit by a silver javelin thrown by a merfolk javelineer (4 damage)
             ... on level 4 of the Shoals.
             The game lasted 02:22:44 (23179 turns).

Radix the Warrior (Minotaur Berserker)             Turns: 23179, Time: 02:22:44

Health: -3/171     AC: 20    Str: 42    XL:     17   Next: 54%
Magic:  16/16      EV: 14    Int:  4    God:    Trog [*****.]
Gold:   1897       SH: 22    Dex: 10    Spells: 16/16 levels left

rFire   . . .      SeeInvis +   n - +8 broad axe (flame)
rCold   . . .      Faith    .   k - +4 tower shield {rPois}
rNeg    + . .      Spirit   .   d - +5 scale mail of Zuronots {Slay+2}
rPois   +          Reflect  .   (helmet restricted)
rElec   .          Harm     .   E - +2 cloak {rCorr}
rCorr   +          Rampage  .   (no gloves)
Will    +....                   o - +0 pair of boots
Stlth   ..........              Q - amulet of Fagiz {rN+ Regen+ Str+2}
HPRegen 1.18/turn               p - +6 ring of strength
MPRegen 0.15/turn               N - ring of Venk {rPois Str+4 SInv}

@: no status effects
A: horns 2, retaliatory headbutt
}: 1/15 runes: gossamer
a: Renounce Religion, Berserk, Trog's Hand, Brothers in Arms


You were on level 4 of the Shoals.
You worshipped Trog.
Trog was extremely pleased with you.
You visited 5 branches of the dungeon, and saw 25 of its levels.
You also visited: Ossuary and Gauntlet.

You collected 3249 gold pieces.
You spent 1352 gold pieces at shops.

Inventory:

Hand Weapons
 n - a +8 broad axe of flaming (weapon)
 t - a +0 war axe
 O - the +8 whip "Snakebite" {venom, curare, rPois}
   (Trog gifted it to you on level 4 of the Spider Nest)

   It poisons the flesh of those it strikes.
   It occasionally inflicts asphyxiating poison on those it strikes, dealing
   poison damage and causing slowness.
   rPois:     It protects you from poison.
Missiles
 q - 3 atropa-tipped darts
 x - 23 poisoned darts
 H - 13 javelins
 M - 6 silver javelins
 X - a throwing net
Armour
 b - the +3 warlock's mirror {reflect}
   (You bought it in a shop on level 2 of the Orcish Mines)

   It can block and reflect piercing ranged attacks and magical attacks against
   the wielder's willpower.
 d - the +5 scale mail of Zuronots (worn) {Slay+2}
   (You found it on level 10 of the Dungeon)

   Slay:      It affects your accuracy & damage with ranged weapons and melee
   (+2).
 k - a +4 tower shield of poison resistance (worn)
 o - a +0 pair of boots (worn)
 E - a +2 cloak of preservation (worn)
Jewellery
 p - a +6 ring of strength (left hand)
 r - a ring of protection from fire
 y - a ring of fire
 F - a ring of protection from fire
 N - the ring of Venk (right hand) {rPois Str+4 SInv}
   (You acquired it on level 1 of the Lair of Beasts)

   [ring of poison resistance]

   Str:       It affects your strength (+4).
   rPois:     It protects you from poison.
   SInv:      It lets you see invisible.
 Q - the amulet of Fagiz (around neck) {rN+ Regen+ Str+2}
   (You took it off a minotaur in a Gauntlet)

   [amulet of regeneration]

   Str:       It affects your strength (+2).
   rN:        It protects you from negative energy.
   Regen:     It increases your rate of health regeneration.
 R - an amulet of faith
 Y - a ring of protection from cold
Wands
 f - a wand of polymorph (4)
 j - a wand of mindburst (22) (quivered)
 m - a wand of flame (29)
 B - a wand of digging (9)
 C - a wand of roots (5)
 L - a wand of charming (6)
 S - a wand of quicksilver (14)
Scrolls
 e - 3 scrolls of fear
 u - 4 scrolls of blinking
 z - 2 scrolls of magic mapping
 I - 15 scrolls of teleportation
 J - a scroll of butterflies
 K - 2 scrolls of brand weapon
 U - 3 scrolls of silence
 V - 2 scrolls of enchant armour
 W - a scroll of acquirement
Potions
 c - 10 potions of curing
 g - 8 potions of might
 h - 3 potions of invisibility
 i - 8 potions of ambrosia
 s - 3 potions of berserk rage
 v - a potion of cancellation
 w - 7 potions of flight
 D - 2 potions of magic
 G - 5 potions of haste
Miscellaneous
 a - a box of beasts (inert)
 P - a box of beasts (inert)
 T - a condenser vane


   Skills:
 + Level 20.5 Fighting
 + Level 18.1 Axes
 + Level 15.0 Armour
 + Level 13.8 Dodging
 + Level 17.1 Shields
 + Level 9.5 Evocations


You had 16 spell levels left.
You didn't know any spells.
Your spell library was empty.

Dungeon Overview and Level Annotations

Branches:
Dungeon (10/15)            Temple (0/1) D:4            Lair (5/5) D:10
 Shoals (4/4) Lair:3       Spider (4/4) Lair:2        Slime (0/5) Lair:5
    Orc (2/2) D:10            Elf (0/3) Orc:2       Ossuary (visited)
Gauntlet (visited)

Altars:
Dithmenos
Gozag
Hepliaklqana
Wu Jian
Xom
Jiyva

Shops:
D:3 =:[[!   D:7 **=   D:8 :=!   D:10 (   Orc:2 **[*

Annotations:
Shoals:2 3 runed translucent doors, exclusion: obsidian statue, fearitself's ghost, adept MiBe


Innate Abilities, Weirdness & Mutations

You have a pair of horns on your head.
You reflexively headbutt those who attack you in melee.


Message History

* * * LOW HITPOINT WARNING * * *
Aiming: Mindburst
Press: ? - help, Q - select action, (/) - cycle Shift-Dir - straight line, f/p - merfolk javelineer
Aim: a merfolk javelineer, wielding a +0 spear, wearing a +0 leather armour and quivering silver javelins (severely wounded, chance to affect: 63%)
The merfolk javelineer resists with significant effort.
The merfolk javelineer throws a silver javelin.
The silver javelin pierces through you.
* * * LOW HITPOINT WARNING * * *
x2
Aiming: Mindburst
Press: ? - help, Q - select action, (/) - cycle Shift-Dir - straight line, f/p - merfolk javelineer
Aim: a merfolk javelineer, wielding a +0 spear, wearing a +0 leather armour and quivering silver javelins (heavily wounded, chance to affect: 63%)
The merfolk javelineer resists with significant effort.
The merfolk javelineer throws a silver javelin.
The silver javelin pierces through you but does no damage.
* * * LOW HITPOINT WARNING * * *
Aiming: Mindburst
Press: ? - help, Q - select action, (/) - cycle Shift-Dir - straight line, f/p - merfolk javelineer
Aim: a merfolk javelineer, wielding a +0 spear, wearing a +0 leather armour and quivering silver javelins (heavily wounded, chance to affect: 63%)
The merfolk javelineer resists with significant effort.
The merfolk javelineer throws a silver javelin.
The silver javelin pierces through you!
* * * LOW HITPOINT WARNING * * *
x2 You open the lid... ...and a juvenile shocksting beast leaps out!
The box is emptied!
The merfolk javelineer throws a silver javelin.
The silver javelin pierces through you.
* * * LOW HITPOINT WARNING * * *
x2
Aiming: Mindburst
Press: ? - help, Q - select action, (/) - cycle Shift-Dir - straight line, f/p - merfolk javelineer
Aim: a merfolk javelineer, wielding a +0 spear, wearing a +0 leather armour and quivering silver javelins (heavily wounded, ally target, chance to affect: 63%)
The merfolk javelineer resists with significant effort.
The merfolk javelineer throws a silver javelin.
The silver javelin pierces through you!
* * * LOW HITPOINT WARNING * * *
x2 You feel better.
The merfolk javelineer throws a silver javelin.
The silver javelin pierces through you!!
* * * LOW HITPOINT WARNING * * *
You die...

~...................
~~....$...............
~~~.~................~
~~~~~................~
~~~~~~~.......)....~~~~
≈≈≈≈~~~~....)~~~~..~~~
~≈≈≈≈≈~~~.....)~~~~~~
~≈≈≈≈≈~~.....<..†#
~≈≈≈≈≈~~.).@..).##
~~~~≈≈~)...)..###
~~~~≈≈~~H)†...#
~~~~~≈≈~~~....#
~~~~~≈≈≈~......#
~~≈~≈≈m~~~..!..#
~~~~~~~~~.....##
~~~~~~........~#
~~~~~.~~~~......#


You could see a merfolk javelineer (ally target) and a friendly juvenile
shocksting beast (summoned).

Vanquished Creatures
  Mlioglotl (Shoals:2)
  The ghost of xzight the Warrior, an adept MiBe of Trog (Spider:4)
  Roxanne (Spider:1)
  Ilsuiw (Shoals:3)
  6 ghost moths
  7 emperor scorpions
  3 broodmothers
  3 entropy weavers
  A minotaur (Gauntlet)
  4 spark wasps
  2 merfolk javelineers (Shoals:3)
  A merfolk impaler (Shoals:3)
  A great orb of eyes (Gauntlet)
  9 boulder beetles
  2 jorogumos
  2 hydras
  14 two-headed ogres (Orc:2)
  5 radroaches
  A catoblepas (Lair:2)
  4 ogre magi (Orc:2)
  Erica (D:10)
  2 alligator snapping turtles (Shoals:2)
  3 merfolk aquamancers
  2 satyrs (Shoals:3)
  A death scarab (Spider:1)
  A centaur warrior (Shoals:3)
  7 death yaks (Lair:5)
  An orc high priest (Orc:1)
  Sonja (D:10)
  4 pharaoh ants
  2 sun moths
  7 sea snakes
  7 orb spiders
  Pikel (D:9)
  6 harpies
  15 wolf spiders
  The ghost of ctx the Digger, a novice GnEE of Cheibriados (D:6)
  14 fauns
  An orc sorcerer (Orc:2)
  An ugly thing (Gauntlet)
  An oklob plant (Lair:2)
  A manticore (Shoals:3)
  7 elephants
  2 moths of wrath
  5 cyclopes
  2 black mambas
  5 merfolk sirens
  2 water nymphs
  6 torpor snails
  8 cane toads
  6 demonic crawlers
  3 rime drakes (Lair:5)
  11 komodo dragons
  3 meliai (Spider:3)
  18 merfolk
  4 trolls
  10 polar bears
  3 hornets (Spider:4)
  4 slime creatures (Gauntlet)
  14 blink frogs
  22 tarantellas
  A raiju (Lair:5)
  7 snapping turtles
  13 dream sheep
  17 jumping spiders
  2 wind drakes
  3 centaur simulacra (Gauntlet)
  13 water elementals
  A shadow (D:9)
  33 culicivoras
  2 spriggans (Lair:3)
  A wraith (D:10)
  7 wyverns
  35 yaks
  Eustachio (D:6)
  4 basilisks
  A redback simulacrum (Gauntlet)
  67 redbacks
  3 steam dragons
  Edmund (D:6)
  5 wargs
  5 acid dragons
  16 hell hounds (Lair:5)
  A hydra simulacrum (Gauntlet)
  12 water moccasins
  2 ice beasts
  12 black bears
  9 orc warriors
  A sky beast (D:7)
  A swamp drake (Lair:5)
  29 ogres
  26 wolves
  9 centaurs
  3 kobold brigands
  Blork the orc (D:6)
  9 bullfrogs
  3 scorpions
  A necrophage (D:6)
  5 wights (D:8)
  3 howler monkeys
  7 hounds
  Crazy Yiuf (D:6)
  2 jellies
  13 orc priests
  Ijyb (D:5)
  8 iguanas
  22 orc wizards
  8 mummies (Ossuary)
  12 gnolls
  10 adders
  A shadow imp (D:6)
  2 white imps
  An ufetubus (D:5)
  2 worms
  4 dart slugs
  71 orcs
  7 bats
  8 endoplasms
  2 giant cockroaches (D:1)
  A gnoll zombie (Ossuary)
  14 goblins
  14 hobgoblins
  10 jackals
  5 kobolds
  3 quokkas
  12 ball pythons
  4 frilled lizards
  4 hobgoblin zombies (Ossuary)
  2 kobold zombies (Ossuary)
  An orc zombie (Ossuary)
  4 rats
905 creatures vanquished.

Vanquished Creatures (collateral kills)
  Arachne (Spider:3)
  3 emperor scorpions
  A fire dragon (Lair:5)
  A satyr (Shoals:4)
  2 death yaks (Lair:5)
  A swamp dragon (Lair:5)
  2 steelbarb worms
  4 orb spiders (Spider:4)
  3 wolf spiders
  2 fauns (Shoals:4)
  A merfolk siren (Shoals:3)
  A torpor snail (Spider:4)
  A komodo dragon (Lair:5)
  2 tarantellas (Spider:1)
  2 merfolk (Shoals:4)
  2 hornets (Spider:4)
  A snapping turtle (Shoals:4)
  2 culicivoras (Spider:1)
  6 jumping spiders
  10 redbacks
  An orc warrior (D:6)
  6 orcs (D:6)
55 creatures vanquished.

Vanquished Creatures (others)
  A bush (Lair:5)
  25 demonic plants (Gauntlet)
  11 fungi
  71 plants
108 creatures vanquished.

Grand Total: 1068 creatures vanquished

Notes
Turn   | Place    | Note
-------+----------+-------------------------------------------
     0 | D:1      | Radix the Minotaur Berserker began the quest for the Orb.
     0 | D:1      | Reached XP level 1. HP: 19/19 MP: 0/0
    84 | D:1      | Found a faded altar of an unknown god.
   140 | D:1      | Reached skill level 4 in Fighting
   140 | D:1      | Reached XP level 2. HP: 14/27 MP: 1/1
   448 | D:1      | You fall into a shaft and drop 1 floor!
   448 | D:2      | Found an opulent altar of Gozag.
   768 | D:2      | Reached XP level 3. HP: 30/34 MP: 2/2
   884 | D:2      | Reached ** piety under Trog
  1573 | D:2      | Reached XP level 4. HP: 41/41 MP: 3/3
  1575 | D:2      | Reached skill level 5 in Fighting
  1629 | D:2      | Reached skill level 5 in Axes
  1662 | D:2      | Reached *** piety under Trog
  2041 | D:3      | Found a shadowy altar of Dithmenos.
  2047 | D:3      | Reached XP level 5. HP: 42/48 MP: 4/4
  2174 | D:3      | Reached skill level 6 in Fighting
  2495 | D:3      | Found Sasotem's Book Shoppe.
  2600 | D:3      | Found Ceatz's Antique Armour Shop.
  2727 | D:3      | Found Useymoogeu's Armour Shop.
  2733 | D:3      | Bought a +0 tower shield of poison resistance for 110 gold
                  | pieces
  2787 | D:3      | Found Wethrimal's Distillery.
  2939 | D:3      | Reached XP level 6. HP: 55/57 MP: 5/5
  3019 | D:3      | Found an ornate altar of the Wu Jian Council.
  3083 | D:3      | Reached **** piety under Trog
  3092 | D:3      | Found Jiyrytau's Jewellery Shoppe.
  3133 | D:3      | Reached skill level 1 in Shields
  3493 | D:4      | Found a staircase to the Ecumenical Temple.
  4173 | D:5      | Entered Level 5 of the Dungeon
  4173 | D:5      | Noticed Ijyb
  4181 | D:5      | Killed Ijyb
  4201 | D:5      | Reached XP level 7. HP: 56/64 MP: 6/6
  4231 | D:5      | Reached skill level 7 in Fighting
  4936 | D:5      | Reached XP level 8. HP: 66/74 MP: 7/7
  4943 | D:5      | Reached skill level 8 in Fighting
  5051 | D:5      | Reached ***** piety under Trog
  5109 | D:6      | Noticed Blork the orc
  5118 | D:6      | Killed Blork the orc
  5219 | D:6      | Reached skill level 5 in Shields
  5368 | D:6      | Noticed Edmund
  5382 | D:6      | Killed Edmund
  5477 | D:6      | Noticed Eustachio
  5491 | D:6      | Killed Eustachio
  5492 | D:6      | Reached skill level 9 in Fighting
  5548 | D:6      | Noticed ctx's ghost (novice GnEE)
  5549 | D:6      | Found a runed translucent gate.
  5549 | D:6      | Identified the +1 plate armour "Forget-Me-Not" {rElec Dex+3
                  | SInv}
  5550 | D:6      | Found a runed translucent gate.
  5551 | D:6      | Found a runed translucent gate.
  5585 | D:6      | Killed ctx's ghost
  5586 | D:6      | Reached XP level 9. HP: 85/85 MP: 8/8
  5765 | D:6      | Reached skill level 10 in Fighting
  5794 | D:6      | Reached skill level 10 in Axes
  6199 | D:6      | Found a runed translucent door.
  6200 | D:6      | Noticed Crazy Yiuf
  6210 | D:6      | Killed Crazy Yiuf
  6408 | D:7      | Found Ynietior's Jewellery Boutique.
  6429 | D:7      | Reached skill level 11 in Fighting
  6430 | D:7      | Reached XP level 10. HP: 95/95 MP: 9/9
  6605 | D:7      | Found a sand-covered staircase.
  6610 | Ossuary  | Entered an ossuary
  6841 | D:7      | Found Qeprugei's Specific Store.
  6848 | D:7      | Found Ebetitympo's General Store.
  6856 | D:7      | Bought a scroll of teleportation for 36 gold pieces
  6856 | D:7      | Bought a scroll of teleportation for 36 gold pieces
  6856 | D:7      | Bought a potion of heal wounds for 60 gold pieces
  7036 | D:7      | Bought an amulet of regeneration for 420 gold pieces
  7120 | D:8      | Found Peiteum's Book Emporium.
  7150 | D:8      | Found Ugipn's Jewellery Boutique.
  7220 | D:8      | Found Nufibao's Distillery.
  8085 | D:8      | Identified a scroll of acquirement
  8085 | D:8      | Acquired a manual of Fighting
  8102 | D:9      | Received a gift from Trog
  8111 | D:9      | Reached skill level 12 in Fighting
  8112 | D:9      | Reached skill level 10 in Shields
  8283 | D:9      | Noticed Pikel
  8291 | D:9      | Killed Pikel
  8809 | D:10     | Entered Level 10 of the Dungeon
  8882 | D:10     | Found a shimmering altar of Xom.
  8916 | D:10     | Found Ublyohoa's Antique Weapon Boutique.
  9032 | D:10     | Identified the +5 scale mail of Zuronots {Slay+2}
  9061 | D:10     | Noticed Erica
  9071 | D:10     | Killed Erica
  9072 | D:10     | Reached XP level 11. HP: 82/106 MP: 3/10
  9155 | D:10     | Reached skill level 5 in Armour
  9193 | D:10     | Found a staircase to the Orcish Mines.
  9205 | D:10     | Reached skill level 13 in Fighting
  9239 | D:10     | Noticed Sonja
  9244 | D:10     | Killed Sonja
  9245 | D:10     | Reached skill level 5 in Dodging
  9381 | D:10     | Found a staircase to the Lair.
  9702 | Lair:1   | Entered Level 1 of the Lair of Beasts
  9831 | Lair:1   | Reached skill level 14 in Fighting
  9948 | Lair:1   | Acquired the ring of Venk {rPois Str+4 SInv}
 10255 | Lair:1   | Found a hazy altar of Hepliaklqana.
 10263 | Lair:1   | Received a gift from Trog
 10264 | Lair:1   | Reached XP level 12. HP: 94/118 MP: 3/11
 10460 | Lair:2   | Found a hole to the Spider Nest.
 10595 | Lair:2   | Noticed a catoblepas
 10650 | Lair:2   | Killed a catoblepas
 10651 | Lair:2   | Reached skill level 15 in Fighting
 11408 | Lair:3   | Found a gate leading to a gauntlet.
 11415 | Gauntlet | Entered a Gauntlet
 11415 | Gauntlet | Found a transporter.
 11415 | Gauntlet | Found a transporter.
 11419 | Gauntlet | Found a transporter.
 11419 | Gauntlet | Found a transporter.
 11430 | Gauntlet | Found a transporter.
 11441 | Gauntlet | Found a transporter.
 11446 | Gauntlet | Noticed a catoblepas
 11447 | Gauntlet | Found a transporter.
 11447 | Gauntlet | Found a transporter.
 11447 | Gauntlet | Noticed a great orb of eyes
 11456 | Gauntlet | Found a transporter.
 11496 | Gauntlet | Found a transporter.
 11519 | Gauntlet | Found a transporter.
 11530 | Gauntlet | Identified the +2 helmet "Jezots" {+Inv rElec rN+ Dex+7
                  | Slay-6}
 11541 | Gauntlet | Found a transporter.
 11554 | Gauntlet | Killed a great orb of eyes
 11605 | Gauntlet | Identified the amulet of Fagiz {rN+ Regen+ Str+2}
 11605 | Gauntlet | Noticed a minotaur
 11614 | Gauntlet | Killed a minotaur
 11729 | Lair:3   | Found a staircase to the Shoals.
 11778 | Lair:3   | Reached skill level 16 in Fighting
 11995 | Lair:3   | Noticed a four-headed hydra
 12006 | Lair:3   | Killed a ten-headed hydra
 12515 | Lair:4   | Noticed an eight-headed hydra
 12524 | Lair:4   | Killed a 12-headed hydra
 12695 | Lair:4   | Reached skill level 1 in Evocations
 12761 | Lair:4   | Reached XP level 13. HP: 130/130 MP: 4/12
 13252 | Lair:5   | Entered Level 5 of the Lair of Beasts
 13381 | Lair:5   | Reached skill level 17 in Fighting
 13395 | Lair:5   | Reached skill level 10 in Armour
 13715 | Lair:5   | Found a staircase to the Slime Pits.
 13716 | Lair:5   | Found a viscous altar of Jiyva.
 13907 | Lair:5   | Noticed a fire dragon
 13913 | Lair:5   | Killed a fire dragon
 14247 | Lair:5   | Reached skill level 15 in Axes
 14282 | Lair:5   | Reached XP level 14. HP: 131/141 MP: 4/13
 14396 | Lair:5   | Reached skill level 18 in Fighting
 14414 | Lair:5   | Reached skill level 10 in Dodging
 14505 | Lair:5   | Received a gift from Trog
 15015 | Orc:1    | Entered Level 1 of the Orcish Mines
 15337 | Orc:2    | Entered Level 2 of the Orcish Mines
 15636 | Orc:2    | Reached skill level 5 in Evocations
 15720 | Orc:2    | Found Tueqasch's Assorted Antiques.
 15720 | Orc:2    | Found Nengium's General Store.
 15721 | Orc:2    | Found Ebounteppo's Assorted Antiques.
 15721 | Orc:2    | Found Siargh's Armour Emporium.
 15730 | Orc:2    | Bought the +3 warlock's mirror {reflect} for 480 gold
                  | pieces
 15730 | Orc:2    | Found the +3 warlock's mirror {reflect}
 15732 | Orc:2    | Bought a scroll of teleportation for 90 gold pieces
 15732 | Orc:2    | Bought a forked fluorescent wand for 120 gold pieces
 15870 | Orc:2    | Found a staircase to the Elven Halls.
 16410 | Spider:1 | Entered Level 1 of the Spider Nest
 16455 | Spider:1 | Received a gift from Trog
 16498 | Spider:1 | Reached XP level 15. HP: 85/150 MP: 4/14
 16678 | Spider:1 | Noticed an emperor scorpion
 16683 | Spider:1 | Killed an emperor scorpion
 16690 | Spider:1 | Reached skill level 15 in Shields
 16881 | Spider:1 | Noticed Roxanne
 16897 | Spider:1 | Killed Roxanne
 17241 | Spider:2 | Reached skill level 19 in Fighting
 17636 | Spider:2 | Received a gift from Trog
 18340 | Spider:3 | Noticed an emperor scorpion
 18355 | Spider:3 | Killed an emperor scorpion
 18395 | Spider:3 | Noticed an emperor scorpion
 18403 | Spider:3 | Killed an emperor scorpion
 18545 | Spider:3 | Reached XP level 16. HP: 111/160 MP: 5/15
 18903 | Spider:3 | Reached ****** piety under Trog
 19060 | Spider:3 | Noticed Arachne
 19066 | Spider:3 | Killed Arachne
 19229 | Spider:4 | Entered Level 4 of the Spider Nest
 19229 | Spider:4 | Noticed xzight's ghost (adept MiBe)
 19229 | Spider:4 | Found a runed translucent door.
 19248 | Spider:4 | Killed xzight's ghost
 19252 | Spider:4 | Identified the +0 ring mail of Unreason {rElec Str+2}
 19254 | Spider:4 | Identified the +9 rapier "Byzargh" {flame, rElec rC+
                  | Will+++ Int-3}
 19275 | Spider:4 | Identified the +4 quarterstaff "Apawa" {vorpal, rElec Will+
                  | Dex+5} (Trog gifted it to you on level 4 of the Spider
                  | Nest)
 19275 | Spider:4 | Received a gift from Trog
 19929 | Spider:4 | Got a gossamer rune of Zot
 20134 | Spider:4 | Received a gift from Trog
 20134 | Spider:4 | Found the +8 whip "Snakebite" {venom, curare, rPois}
 20404 | Spider:4 | Reached skill level 20 in Fighting
 20670 | Shoals:1 | Entered Level 1 of the Shoals
 21218 | Shoals:1 | You fall into a shaft and drop 1 floor!
 21284 | Shoals:2 | Found a runed translucent gate.
 21284 | Shoals:2 | Found a runed translucent gate.
 21284 | Shoals:2 | Found a runed translucent gate.
 21292 | Shoals:2 | Found an opulent altar of Gozag.
 21299 | Shoals:2 | Noticed fearitself's ghost (adept MiBe)
 21300 | Shoals:2 | Found Gitaum's Assorted Antiques.
 21314 | Shoals:2 | Noticed Mlioglotl
 21324 | Shoals:2 | Noticed a tentacled starspawn
 21327 | Shoals:2 | Killed Mlioglotl
 21328 | Shoals:2 | Reached XP level 17. HP: 108/170 MP: 16/16
 22132 | Shoals:3 | Received a gift from Trog
 22803 | Shoals:3 | Noticed Ilsuiw
 22845 | Shoals:3 | Killed Ilsuiw
 23117 | Shoals:4 | Entered Level 4 of the Shoals
 23130 | Shoals:4 | Reached skill level 15 in Armour
 23179 | Shoals:4 | HP: 1/171 [merfolk javelineer/silver javelin (18)]
 23179 | Shoals:4 | Hit by a silver javelin thrown by a merfolk javelineer

Illustrated notes

Levels and vault maps discovered:
D:1:      dpeg_arrival_three_same_balls, layout_basic, basic_ecumenical_altar,
          serial_rivers, chequers_serial_rivers_micro_b,
          chequers_serial_rivers_marsh, chequers_serial_rivers_small_b,
          chequers_serial_rivers_micro_c, chequers_serial_rivers_room_a
D:2:      layout_basic, basic_altar
D:3:      layout_basic, nicolae_dithmenos_the_darkroom,
          overflow_temple_1_default, serial_shops, nicolae_shop_stone, shop,
          nicolae_shop_trees, nicolae_shop_statue_plus, shop
D:4:      layout_basic, temple_green
D:5:      minmay_spotlight, layout_loops_cross, uniq_ijyb
D:6:      nicolae_cairo_tiling_large, layout_basic, biasface_ghost_orc_armoury,
          kennysheep_generic_room_3, uniq_edmund, uniq_blork_the_orc,
          uniq_eustachio, uniq_crazy_yiuf_cottage
D:7:      layout_rooms, enter_ossuary_5, serial_shops, nicolae_shop_waterfront,
          nicolae_specific_store, st_stairs_11
D:8:      layout_basic, serial_shops, nicolae_shop_crystal,
          nicolae_shop_statue_plus, shop, nicolae_zen_rock_garden
D:9:      layout_irregular_city, uniq_pikel
D:10:     layout_irregular_city, xom_butterflies, erik_lair_dragon,
          kennysheep_orc_monster_closet_entryway, serial_shops,
          nicolae_shop_statue_plus, uniq_erica, uniq_sonja
Lair:1:   beast_lair_carwin_large_3, layout_cave_shapes, st_stairs_13,
          chequers_serial_rivers_micro_e, nicolae_lair_lil_pond,
          lemuel_centaur_altar
Lair:2:   layout_hall_layers, spider_nest_entry_rubble
Lair:3:   wad_woods_tower, layout_layer_cave, minmay_shoals_entry_hut,
          gauntlet_entry_generic
Lair:4:   layout_regular_city
Lair:5:   guppyfry_lair_end_dragon, layout_regular_city,
          hangedman_lair_caniforms_friends, slime_entry_1, guppyfry_lair_drakes
Shoals:1: layout_shoals
Shoals:2: layout_shoals, ebering_ghost_gozag, uniq_mlioglotl
Shoals:3: layout_shoals, uniq_ilsuiw
Shoals:4: shoals_end_grunt_ice, layout_shoals, nicolae_shoals_cliffside_cave
Spider:1: layout_spider_delve, nicolae_spider_some_kinda_spiderbox, uniq_roxanne
Spider:2: layout_cave_pods
Spider:3: layout_spider_delve, nicolae_spider_baby_got_redback, uniq_arachne
Spider:4: spider_rune_water, gammafunk_ghost_grave, guppyfry_spider_mini_1
Orc:1:    layout_diamond_mine, basic_altar
Orc:2:    st_orc_ogre_mass, layout_diamond_mine

Skill      XL: |  1  2  3  4  5  6  7  8  9 10 11 12 13 14 15 16 17 |
---------------+----------------------------------------------------+-----
Fighting       | 4 5 6 7 9 11 12 14 16 17 18 19 20 | 20.5
Axes           | 4 5 6 7 9 11 12 13 14 15 16 17 18 | 18.1
Shields        | 2 4 7 9 10 11 12 13 14 15 16 17 | 17.1
Armour         | 4 7 9 10 12 13 14 15 | 15.0
Dodging        | 4 6 8 9 11 12 13 | 13.8
Evocations     | 1 4 6 7 8 9 |  9.5

Action                   |  1- 3 |  4- 6 |  7- 9 | 10-12 | 13-15 | 16-18 || total
-------------------------+-------+-------+-------+-------+-------+-------++-------
Melee: Hand axe          |    93 |   135 |       |       |       |       ||   228
       Headbutt          |     8 |    17 |    37 |    86 |   157 |   102 ||   407
       Punch             |     1 |     1 |       |       |       |       ||     2
       War axe           |       |    30 |   192 |    81 |       |       ||   303
       Broad axe         |       |       |       |   302 |   678 |   452 ||  1432
Throw: Javelin           |       |       |       |       |     3 |       ||     3
Invok: Berserk           |       |       |     4 |     1 |     1 |     1 ||     7
       Trog's Hand       |       |       |     3 |     7 |    10 |    10 ||    30
       Brothers in Arms  |       |       |     1 |       |     5 |     6 ||    12
Evoke: Wand              |       |       |       |       |       |     7 ||     7
       Box of beasts     |       |       |       |       |       |     1 ||     1
  Use: Scroll            |       |     9 |     7 |    19 |     7 |     2 ||    44
       Potion            |       |       |     1 |       |     6 |     6 ||    13
 Stab: Sleeping          |     1 |       |       |       |       |       ||     1
       Distracted        |       |       |       |       |     2 |     1 ||     3
       Confused          |       |       |       |       |     1 |       ||     1
       Held in net/web   |       |       |       |       |     1 |       ||     1
Armor: Animal skin       |     8 |       |       |       |       |       ||     8
       Chain mail        |    30 |    92 |    70 |       |       |       ||   192
       Plate armour      |       |       |    25 |   101 |       |       ||   126
       Scale mail        |       |       |       |    86 |   265 |   152 ||   503
Dodge: Dodged            |    67 |    60 |    37 |    97 |   280 |   177 ||   718
Block: Tower shield      |       |    54 |   168 |   448 |   798 |   560 ||  2028
